 Dungeon Crawl Stone Soup version 0.29.1-1-gd02db6906a (webtiles) character file.

Game seed: 17503947659292289802

25009 mortz the Covert (level 12, -1/85 HPs)
             Began as a Demigod Conjurer on Sept 28, 2022.
             Slain by a death yak (25 damage)
             ... on level 3 of the Lair of Beasts on Sept 30, 2022.
             The game lasted 02:45:57 (23746 turns).

mortz the Covert (Demigod Conjurer)                Turns: 23746, Time: 02:45:58

Health: -1/85      AC:  8    Str: 10    XL:     12   Next: 50%
Magic:  31/38      EV: 13    Int: 32    God:
Gold:   796        SH:  6    Dex: 12    Spells: 12/28 levels left

rFire   . . .      SeeInvis .   Z - +1 dagger "Asask" {protect, Will+}
rCold   . . .      Faith    .   I - +2 buckler
rNeg    + + +      Spirit   .   m - +0 robe of Dialar {rC- rN+++ Str-2 Archmagi}
rPois   .          Reflect  .   v - +0 helmet
rElec   .          Harm     .   r - +0 cloak
rCorr   .          Rampage  .   o - +1 pair of gloves
Will    ++...      Archmagi +   f - +1 pair of boots
Stlth   ++++......              (no amulet)
HPRegen 0.24/turn               t - ring of protection from cold
MPRegen 0.26/turn               H - ring of magical power

@: no status effects
A: high MP 1, forlorn, divine attributes
a: no special abilities


You were on level 3 of the Lair of Beasts.
You visited 2 branches of the dungeon, and saw 15 of its levels.
You also visited: Ossuary and Bailey.

You collected 1228 gold pieces.
You spent 432 gold pieces at shops.

Inventory:

Hand Weapons
 a - a +7 spectral dagger
 j - a +3 dagger of venom
 w - a +0 rapier of chaos
 L - a +3 short sword
 S - a +0 war axe of freezing
 W - a +1 hand axe of flaming
 Z - the +1 dagger "Asask" (weapon) {protect, Will+}
   (You found it on level 3 of the Lair of Beasts)

   It grants its wielder temporary protection when it strikes (+7 to AC).
   Will:      It increases your willpower.
Missiles
 J - 2 throwing nets
Armour
 f - a +1 pair of boots (worn)
 l - a +2 leather armour of poison resistance
 m - the +0 robe of Dialar (worn) {rC- rN+++ Str-2 Archmagi}
   (You found it in a bailey)

   Str:       It affects your strength (-2).
   rC:        It makes you vulnerable to cold.
   rN:        It renders you almost immune to negative energy.
   Archmagi:  It increases the power of your magical spells.
 o - a +1 pair of gloves (worn)
 r - a +0 cloak (worn)
 v - a +0 helmet (worn)
 I - a +2 buckler (worn)
 K - +0 acid dragon scales
 Q - a +3 ring mail
Magical Staves
 b - a staff of fire
 X - a staff of poison
Jewellery
 q - a +4 ring of evasion
 t - a ring of protection from cold (left hand)
 x - a ring of fire
 F - a ring of fire
 H - a ring of magical power (right hand)
 V - a ring of flight
 Y - a ring of ice
Wands
 z - a wand of paralysis (5)
 A - a wand of light (9)
 B - a wand of roots (7)
 U - a wand of flame (18)
Scrolls
 c - 4 scrolls of immolation
 e - a scroll of summoning
 g - a scroll of fear
 k - a scroll of blinking
 n - 5 scrolls of fog
 s - 3 scrolls of magic mapping
 y - a scroll of poison
 N - a scroll of teleportation
Potions
 d - a potion of flight
 i - 5 potions of mutation
 p - 3 potions of heal wounds
 u - a potion of brilliance
 C - 8 potions of curing
 D - 2 potions of cancellation
 E - a potion of ambrosia
 G - a potion of might
 M - a potion of haste
 O - a potion of magic
 R - a potion of invisibility {unknown}
 T - a potion of resistance {unknown}
Miscellaneous
 P - a condenser vane


   Skills:
 + Level 2.0 Fighting
 * Level 4.5 Short Blades
 + Level 3.4 Armour
 + Level 4.9 Dodging
 * Level 10.3 Stealth
 + Level 2.7 Shields
 + Level 8.5 Spellcasting
 + Level 10.1 Conjurations
 * Level 2.9 Hexes
 + Level 5.5 Translocations
 + Level 2.0 Transmutations
 * Level 3.9 Fire Magic
 * Level 3.0 Ice Magic
 + Level 1.6 Earth Magic
 + Level 1.1 Evocations


You had 12 spell levels left.
You knew the following spells:

 Your Spells              Type           Power      Damage    Failure   Level
a - Magic Dart            Conj           100%       1d8       1%          1
b - Searing Ray           Conj           100%       2d8       1%          2
c - Iskenderun's Mystic   Conj/Tloc      77%        2d15      1%          4
d - Passwall              Tmut/Erth      31%        N/A       3%          2
e - Ensorcelled Hibernat  Hex/Ice        98%        N/A       1%          2
f - Fireball              Conj/Fire      36%        3d15      7%          5

Your spell library contained the following spells:

 Spells                   Type           Power      Damage    Failure   Level
 Static Discharge         Conj/Air       62%        3-11/arc  1%          2
 Dazzling Flash           Conj/Hex       100%       N/A       1%          3
 Sticky Flame             Conj/Fire      73%        2d9       2%          4
 Sting                    Tmut/Pois      100%       1d8       3%          1
 Fulminant Prism          Conj/Hex       35%        3d18      3%          4
 Necrotise                Necr           80%        1d8       4%          1
 Swiftness                Air            20%        N/A       14%         3
 Vampiric Draining        Necr           20%        2d7       14%         3
 Starburst                Conj/Fire      36%        6d11      36%         6
 Dispel Undead            Necr           20%        3d11      43%         4
 Alistair's Intoxication  Tmut/Pois      20%        N/A       65%         5
 Conjure Ball Lightning   Conj/Air       31%        3x3d10    65%         6
 Borgnjor's Vile Clutch   Necr/Erth      14%        N/A       67%         5
 Agony                    Necr           20%        N/A       78%         5
 Eringya's Noxious Bog    Tmut/Pois      15%        N/A       99%         6
 Ignition                 Fire           27%        3d9       100%        8


Dungeon Overview and Level Annotations

Branches:
Dungeon (10/15) Zot: 25432  Temple (0/1) D:6            Lair (5/5) D:9 Zot: 24056
  Swamp (0/4) Lair:2       Spider (0/4) Lair:3          Orc (0/2) D:10
Ossuary (visited)          Bailey (visited)
  Slime: Lair:4-5

Shops:
D:2 =   D:5 [   D:7 (   D:9 (


Innate Abilities, Weirdness & Mutations

You have an increased reservoir of magic. (+10% MP)
You shall have no god before yourself.
Your divine heritage dramatically boosts your attributes as you level up.


Message History

The dream sheep ruffle their wool and motes of dream dust sparkle, to no effect.
The searing ray hits the dream sheep.
You kill the dream sheep!
The searing ray hits the death yak!
The death yak is lightly wounded.
The searing ray hits the dream sheep!
The dream sheep is heavily wounded.
The dream sheep shake their wool and sparkle.
You feel drowsy...
You fall asleep.
A dream sheep comes into view.
The dream sheep bites you.
You wake up.
Casting: Searing Ray (safe; 1% risk of failure)
Confirm with . or Enter, or press ? or * to list all spells.
You feel a surge of power!
You erupt in a blast of force!
The mystic blast hits the death yak!
The death yak is moderately wounded.
The death yak is knocked back by the mystic blast.
The mystic blast hits the death yak!!
The death yak is moderately wounded.
The death yak is knocked back by the mystic blast.
The death yak collides with the death yak!
The death yak is lightly wounded.
The mystic blast hits the death yak!!
The death yak is moderately wounded.
The death yak is knocked back by the mystic blast.
The mystic blast hits the dream sheep!
The dream sheep is almost dead.
The dream sheep is knocked back by the mystic blast.
The dream sheep collides with the death yak!
The death yak is moderately wounded.
You kill the dream sheep!
The dream sheep ruffles its wool and motes of dream dust sparkle, to no effect.
The dream sheep shakes its wool and sparkles.
You feel drowsy...
You fall asleep.
The death yak gores you!!!
You wake up.
Ouch! That really hurt!
* * * LOW HITPOINT WARNING * * *
There is an escape hatch in the ceiling here.
The death yak gores you!!
You die...

##................###...
#.#.###..P...##........
#########...#.#........
#.##.#......#......†# #
#.....#...####......##
#..#....P...###.......†#
#......P.............#
...###...Y.YY...........
#.....@Y#.........#....
#.....####.............
##..## #..............
#.## ##............. #
##...###.....# #..##
#.....# #...# #.....#
###.# .. #..## .....


You could see 3 death yaks and a dream sheep.

Vanquished Creatures
  Fannar (Lair:3)
  6 hydras
  2 two-headed ogres
  3 black mambas
  7 cane toads
  An unseen horror (D:7)
  Maggie (D:6)
  A rime drake (Lair:3)
  3 komodo dragons
  A meliai (Lair:3)
  5 polar bears (Lair:3)
  Grinder (D:5)
  4 blink frogs (Lair:3)
  7 dream sheep
  A vampire (D:10)
  A wraith (D:7)
  Sigmund (D:5)
  4 yaks
  3 wyverns
  4 basilisks
  Eustachio (D:5)
  Menkaure (D:5)
  4 steam dragons
  6 water moccasins
  12 orc warriors
  4 black bears
  2 sky beasts
  24 wolves
  2 ice beasts
  15 centaurs
  A phantom (D:5)
  4 kobold brigands
  A scorpion (D:4)
  8 bullfrogs
  4 wights (D:6)
  9 killer bees
  4 howler monkeys (D:9)
  An electric eel (Lair:2)
  3 hounds
  Crazy Yiuf (D:2)
  8 orc priests
  6 gnoll boudas
  2 jellies
  3 iguanas
  12 orc wizards
  8 mummies (Ossuary)
  29 gnolls
  2 shadow imps
  3 white imps
  3 worms
  2 dart slugs
  74 orcs
  7 ball pythons
  9 endoplasms
  5 giant cockroaches
  2 gnoll zombies (Ossuary)
  9 goblins
  6 hobgoblins
  11 kobolds
  3 quokkas
  7 bats
  2 frilled lizards
  2 hobgoblin zombies (Ossuary)
  3 kobold zombies (Ossuary)
  An orc zombie (Ossuary)
  3 rats
386 creatures vanquished.

Vanquished Creatures (others)
  16 fungi
  50 plants
66 creatures vanquished.

Grand Total: 452 creatures vanquished

Notes
Turn   | Place    | Note
-------+----------+-------------------------------------------
     0 | D:1      | mortz the Demigod Conjurer began the quest for the Orb.
     0 | D:1      | Reached XP level 1. HP: 14/14 MP: 5/5
   165 | D:1      | Reached XP level 2. HP: 20/20 MP: 7/7
   228 | D:1      | Learned a level 2 spell: Searing Ray
   957 | D:2      | Reached XP level 3. HP: 26/26 MP: 8/8
  1172 | D:2      | Found Diuged's Jewellery Boutique.
  1678 | D:2      | Found a runed translucent door.
  1679 | D:2      | Noticed Crazy Yiuf
  2897 | D:4      | Noticed a bullfrog
  3072 | D:4      | Reached XP level 4. HP: 31/33 MP: 4/10
  3137 | D:4      | Noticed a +0 dagger
  3138 | D:4      | Noticed a +0 hand axe
  3402 | D:4      | Reached XP level 5. HP: 26/38 MP: 6/12
  3822 | D:5      | Entered Level 5 of the Dungeon
  4154 | D:5      | Reached skill level 1 in Short Blades
  4318 | D:5      | Reached XP level 6. HP: 46/46 MP: 8/14
  4321 | D:5      | Learned a level 2 spell: Passwall
  4326 | D:5      | Learned a level 4 spell: Iskenderun's Mystic Blast
  4479 | D:5      | Noticed Eustachio
  4503 | D:5      | Killed Eustachio
  4504 | D:5      | Reached skill level 5 in Conjurations
  4703 | D:5      | Noticed Grinder
  4714 | D:5      | Killed Grinder
  4715 | D:5      | Reached skill level 1 in Translocations
  4715 | D:5      | Reached skill level 1 in Transmutations
  4715 | D:5      | Reached skill level 1 in Earth Magic
  4715 | D:5      | Reached XP level 7. HP: 36/51 MP: 3/16
  4810 | D:5      | Found Noustruf's Antique Armour Boutique.
  4956 | D:5      | Noticed an Executioner
  5058 | D:5      | Noticed Menkaure
  5063 | D:5      | Killed Menkaure
  5121 | D:5      | Noticed Sigmund
  5271 | D:6      | Noticed Maggie
  5611 | D:6      | Reached XP level 8. HP: 53/58 MP: 5/18
  5630 | D:6      | Reached skill level 5 in Spellcasting
  5738 | D:6      | Found a sand-covered staircase.
  5744 | Ossuary  | Entered an ossuary
  5894 | Ossuary  | Reached skill level 1 in Fighting
  6415 | D:6      | Got the Secrets of the Mutable Nimbus
  6539 | D:6      | Found a staircase to the Ecumenical Temple.
  6771 | D:2      | Bought a ring of magical power for 260 gold pieces
  6832 | D:2      | Killed Crazy Yiuf
  6948 | D:4      | Reached skill level 5 in Stealth
  7508 | D:5      | Bought a shiny buckler for 172 gold pieces
  7917 | D:5      | Found Noustruf's Antique Armour Boutique.
  8869 | D:6      | Killed Maggie
  9425 | D:7      | Reached XP level 9. HP: 53/64 MP: 22/22
 10092 | D:7      | Killed an unseen horror
 10093 | D:7      | Reached skill level 1 in Armour
 10405 | D:7      | Found Lokukhless's Weapon Shoppe.
 11129 | D:8      | Noticed a two-headed ogre
 12374 | D:8      | Reached skill level 1 in Shields
 12495 | D:9      | Reached XP level 10. HP: 71/71 MP: 23/23
 12710 | D:9      | Found a flagged portal.
 12891 | Bailey   | Entered a bailey
 14479 | Bailey   | Identified the +0 robe of Dialar {rC- rN+++ Str-2 Archmagi}
 14736 | D:9      | Found Pegoniz's Weapon Shoppe.
 14821 | D:9      | Found a staircase to the Lair.
 15087 | D:9      | Reached skill level 5 in Translocations
 15749 | D:9      | Found Pegoniz's Weapon Shoppe.
 15755 | D:9      | Found a staircase to the Lair.
 16244 | D:10     | Entered Level 10 of the Dungeon
 16435 | D:10     | Found a staircase to the Orcish Mines.
 16554 | D:10     | Noticed a two-headed ogre
 16725 | D:10     | Killed a two-headed ogre
 16911 | D:10     | Reached XP level 11. HP: 78/78 MP: 26/26
 16915 | D:10     | Noticed a three-headed hydra
 16922 | D:10     | Killed a three-headed hydra
 17376 | D:5      | Killed Sigmund
 17507 | D:8      | Killed a two-headed ogre
 17806 | Lair:1   | Entered Level 1 of the Lair of Beasts
 18081 | Lair:1   | Reached skill level 1 in Evocations
 19060 | Lair:2   | Found a staircase to the Swamp.
 19065 | Lair:2   | Noticed a four-headed hydra
 19437 | Lair:2   | Reached skill level 1 in Fire Magic
 19501 | Lair:2   | Noticed an eight-headed hydra
 19574 | Lair:1   | Learned a level 2 spell: Ensorcelled Hibernation
 19580 | Lair:1   | Learned a level 5 spell: Fireball
 19613 | Lair:2   | Killed an eight-headed hydra
 20654 | Lair:2   | Killed a four-headed hydra
 20897 | Lair:3   | Found a hole to the Spider Nest.
 20997 | Lair:3   | Noticed a six-headed hydra
 21012 | Lair:3   | Killed a six-headed hydra
 21013 | Lair:3   | Reached skill level 1 in Hexes
 21013 | Lair:3   | Reached skill level 1 in Ice Magic
 21344 | Lair:3   | Reached skill level 10 in Stealth
 21473 | Lair:3   | You fall into a shaft and drop 2 floors!
 21473 | Lair:5   | Entered Level 5 of the Lair of Beasts
 21484 | Lair:4   | Noticed an eight-headed hydra
 21490 | Lair:4   | Killed an eight-headed hydra
 21581 | Lair:4   | Reached XP level 12. HP: 45/85 MP: 15/28
 21805 | Lair:4   | Noticed a six-headed hydra
 21818 | Lair:4   | Killed a six-headed hydra
 21822 | Lair:4   | Noticed a boulder beetle
 22591 | Lair:3   | Noticed Fannar
 22622 | Lair:3   | Reached skill level 10 in Conjurations
 22644 | Lair:3   | Killed Fannar
 23059 | Lair:3   | Identified the +1 dagger "Asask" {protect, Will+}
 23746 | Lair:3   | Slain by a death yak

Illustrated notes

Levels and vault maps discovered:
D:1:      dpeg_arrival_solitude, layout_loops_ring, kennysheep_doodads,
          chequers_jeans
D:2:      layout_rooms, serial_shops, nicolae_shop_stone,
          hellmonk_ecumenical_altar_pennies_from_heaven, uniq_crazy_yiuf_cottage
D:3:      layout_basic, dreamdust_mushroom_princess
D:4:      layout_gridville, mainiacjoe_overflow_six_doors_small,
          dancing_weapons_uskayaw, old_standard_altar, old_standard_altar
D:5:      layout_loops_ring, makhleb_altar_promises_db, serial_shops, shop,
          uniq_sigmund, uniq_menkaure, uniq_eustachio, uniq_grinder
D:6:      layout_layer_cave, temple_pool_b, enter_ossuary_1, uniq_maggie
D:7:      minmay_chambers_of_fours, layout_gridville, kennysheep_mini,
          mainiacjoe_overflow_paths, serial_shops, shop,
          kennysheep_generic_room_12
D:8:      layout_gridville
D:9:      layout_basic, fedhas_bush_and_centaur_altar,
          nicolae_overflow_crystal_walls, mainiacjoe_overflow_brackets,
          kennysheep_okawaru_gauntlet, enter_bailey_2, special_room
          [special_room_orc], serial_shops, nicolae_square_shop
D:10:     layout_basic, overflow_temple_1_default, orc_0_dummy, hangedman_ranch
Lair:1:   layout_long_grid, serial_forest, infiniplex_forest_clump_double,
          infiniplex_forest_clump_curved, infiniplex_forest_clump_medium,
          infiniplex_forest_end_1, infiniplex_forest_lined_room_,
          infiniplex_forest_clump_tiny, infiniplex_forest_straight_1,
          infiniplex_forest_corner_2, infiniplex_forest_lined_1, st_stairs_8
Lair:2:   layout_roguey, swamp_mist_pool, basic_altar
Lair:3:   layout_layer_cave, hellmonk_spider_entry_not_the_bees,
          cheibrodos_lair_lostbears, uniq_fannar
Lair:4:   layout_cave_shapes, slime_entry_1, infiniplex_staircase_pool
Lair:5:   minmay_lair_end_frog_pond, layout_regular_city, nzn_sisyphean_effort

Skill      XL: |  1  2  3  4  5  6  7  8  9 10 11 12 |
---------------+-------------------------------------+-----
Stealth        | 2 3 4 5 6 8 10 | 10.3
Dodging        | 2 3 4 |  4.9
Conjurations   | 4 5 6 8 9 10 | 10.1
Spellcasting   | 2 3 4 6 7 8 |  8.5
Short Blades   | 1 3 4 |  4.5
Translocations | 1 2 3 5 |  5.5
Transmutations | 1 2 |  2.0
Earth Magic    | 1 |  1.6
Fighting       | 1 2 |  2.0
Armour         | 3 |  3.4
Shields        | 1 2 |  2.7
Evocations     | 1 |  1.1
Fire Magic     | 3 |  3.9
Hexes          | 1 2 |  2.9
Ice Magic      | 1 3 |  3.0

Action                   |  1- 3 |  4- 6 |  7- 9 | 10-12 || total
-------------------------+-------+-------+-------+-------++-------
Melee: Dagger            |    22 |     1 |    10 |    63 ||    96
 Fire: Sling             |     3 |       |       |       ||     3
 Cast: Magic Dart        |    29 |     7 |    77 |    85 ||   198
       Searing Ray       |    30 |    19 |    92 |   141 ||   282
       Iskenderun's Myst |       |       |     3 |    76 ||    79
Evoke: Wand              |       |       |     1 |     2 ||     3
  Use: Scroll            |     8 |     2 |     7 |    19 ||    36
       Potion            |       |       |     2 |     3 ||     5
 Stab: Sleeping          |    13 |     1 |     8 |    19 ||    41
       Invisible         |       |       |     1 |       ||     1
Armor: Robe              |     7 |     3 |     1 |    50 ||    61
       Acid dragon scale |       |       |    25 |       ||    25
       Steam dragon scal |       |       |     4 |    22 ||    26
Dodge: Dodged            |    31 |    25 |    69 |   173 ||   298
Block: Buckler           |       |       |    22 |    63 ||    85
